 Dungeon Sprint DCSS version 0.28-a0-1447-ga5a8893891 (webtiles) character file.

Game seed: 16873362205485867209

1548 mhtbhm the Cleaver (level 8, -5/82 HPs)
             Began as a Minotaur Fighter on Jan 10, 2022.
             Was an Initiate of Gozag.
             Killed from afar by a gargoyle (22 damage)
             ... with a stone arrow
             ... in the Dungeon (Sprint VII: "The Pits").
             The game lasted 00:01:58 (1214 turns).

mhtbhm the Cleaver (Minotaur Fighter)               Turns: 1214, Time: 00:01:58

Health: -5/82      AC: 18    Str: 24    XL:     8   Next: 57%
Magic:  7/7        EV: 11    Int:  8    God:    Gozag
Gold:   1827       SH:  6    Dex:  9    Spells: 7/7 levels left

rFire   . . .      SeeInvis .   a - +2 war axe (freeze)
rCold   . . .      Faith    .   c - +0 buckler
rNeg    . . .      Spirit   .   b - +5 ring mail
rPois   .          Reflect  .   (helmet restricted)
rElec   .          Harm     .   (no cloak)
rCorr   .          Rampage  .   s - +0 pair of gloves
Will    .....      NoTele   +   r - +0 pair of boots
Stlth   +.........              (no amulet)
HPRegen 0.23/turn               n - +3 ring of intelligence
MPRegen 0.10/turn               o - +3 ring of protection

@: gold aura
A: horns 2, retaliatory headbutt
a: Renounce Religion, Potion Petition, Call Merchant, Bribe Branch


You were in the Dungeon.
You worshipped Gozag.
Gozag was most pleased with you.
You visited 1 branch You collected 1827 gold pieces.

Inventory:

Hand Weapons
 a - a +2 war axe of freezing (weapon)
Armour
 b - a +5 ring mail (worn)
 c - a +0 buckler (worn)
 r - a +0 pair of boots (worn)
 s - a +0 pair of gloves (worn)
Jewellery
 n - a +3 ring of intelligence (left hand)
 o - a +3 ring of protection (right hand)
Scrolls
 j - a scroll of blinking
 l - 5 scrolls of amnesia
 m - a scroll of summoning
Potions
 d - 2 potions of might
 e - 5 potions of curing
 f - 10 potions of heal wounds
 g - a potion of haste
 h - 4 potions of magic
 i - 3 potions of berserk rage
 k - 2 potions of invisibility
 p - 3 potions of brilliance
 q - a potion of mutation


   Skills:
 + Level 11.3 Fighting
 + Level 13.1 Axes
 + Level 11.9 Armour
 + Level 3.8 Dodging
 + Level 1.0 Stealth
 + Level 10.5 Shields


You had 7 spell levels left.
You didn't know any spells.
Your spell library was empty.

Dungeon Overview and Level Annotations

Branches:
Dungeon (1/1)

Altars:
Ashenzari
Cheibriados
Dithmenos
Elyvilon
Fedhas
Gozag
Hepliaklqana
Kikubaaqudgha
Makhleb
Nemelex Xobeh
Okawaru
Qazlal
Ru
Sif Muna
Trog
Uskayaw
Vehumet
Wu Jian
Xom
Yredelemnul
Zin
The Shining One
Beogh
Jiyva
Lugonu


Innate Abilities, Weirdness & Mutations

You have a pair of horns on your head.
You reflexively headbutt those who attack you in melee.


Message History

You hit the molten gargoyle. You freeze the molten gargoyle.
The gargoyle hits you but does no damage.
The molten gargoyle blasts magma at you!
The bolt of magma hits you.
You slash the gargoyle! You freeze the gargoyle.
The gargoyle is almost destroyed.
You hit the molten gargoyle. You freeze the molten gargoyle.
The gargoyle hits you but does no damage.
The molten gargoyle hits you with a +0 morningstar!
You are engulfed in flames!
You hit the gargoyle but do no damage.
You headbutt the gargoyle, but do no damage.
The gargoyle is almost destroyed.
You hit the molten gargoyle but do no damage.
The gargoyle hits you with a +0 flail.
The molten gargoyle blasts magma at you!
The bolt of magma misses you.
You slash the molten gargoyle! You freeze the molten gargoyle.
The molten gargoyle is almost destroyed.
You hit the gargoyle but do no damage. The gargoyle hits you with a +0 flail!!
The molten gargoyle blasts magma at you!
The bolt of magma hits you!!
* * * LOW HITPOINT WARNING * * *
Unknown command.
You hit the molten gargoyle. You freeze the molten gargoyle.
You destroy the molten gargoyle!
You barely miss the gargoyle.
Your Fighting skill increases to level 11!
Your Axes skill increases to level 13!
Your Stealth skill increases to level 1!
Unknown command.
The gargoyle hurls a stone arrow at you.
The stone arrow hits you but does no damage.
Things that are here:
63 gold pieces; a +0 morningstar Unknown command.
The gargoyle hurls a stone arrow at you.
The stone arrow hits you!!
You die...
Your body crumbles into a pile of gold.

))'.##......#..#......#
###.##................+
.....'................+
'#####......#..#......#
..'.##................#
..#.#####'#####''######
###.##.......##9'#####
..#.##.......##.$....+
.)).##.......##.@....+
######...<...##.....##
))).##.......##...###
))).##.......##..##
######.......##++#
.#..##########
.#)###########
.#)#....#..[[#
.#)#....#....#


You could see a gargoyle.

Vanquished Creatures
  A black mamba (D)
  A molten gargoyle (D)
  A spriggan (D)
  A warg (D)
  A wolf (D)
  A centaur (D)
  A bullfrog (D)
  5 wights (D)
  A jelly (D)
  A quasit (D)
  A gnoll shaman (D)
  2 orc priests (D)
  3 gnolls (D)
  An adder (D)
  A river rat (D)
  3 orcs (D)
  A bat skeleton (D)
  A giant cockroach (D)
  2 quokkas (D)
  A frilled lizard (D)
  A jackal skeleton (D)
  A rat (D)
32 creatures vanquished.

Notes
Turn   | Place    | Note
-------+----------+-------------------------------------------
     0 | D        | mhtbhm the Minotaur Fighter began the quest for the Orb.
     0 | D        | Reached XP level 1. HP: 19/19 MP: 0/0
    43 | D        | Found a bloodstained altar of Trog.
    43 | D        | Found a shimmering blue altar of Sif Muna.
    43 | D        | Found a viscous altar of Jiyva.
    43 | D        | Found a hazy altar of Hepliaklqana.
    43 | D        | Found an opulent altar of Gozag.
    44 | D        | Found a glowing golden altar of the Shining One.
    44 | D        | Found a glowing silver altar of Zin.
    44 | D        | Found a basalt altar of Yredelemnul.
    44 | D        | Found a shimmering altar of Xom.
    44 | D        | Found an ornate altar of the Wu Jian Council.
    44 | D        | Found a sacrificial altar of Ru.
    44 | D        | Found a stormy altar of Qazlal.
    44 | D        | Found an iron altar of Okawaru.
    44 | D        | Found a sparkling altar of Nemelex Xobeh.
    44 | D        | Found a burning altar of Makhleb.
    44 | D        | Found a blossoming altar of Fedhas.
    44 | D        | Found a white marble altar of Elyvilon.
    44 | D        | Found a shadowy altar of Dithmenos.
    44 | D        | Found a snail-covered altar of Cheibriados.
    46 | D        | Found a radiant altar of Vehumet.
    46 | D        | Found a corrupted altar of Lugonu.
    47 | D        | Found a hide-covered altar of Uskayaw.
    47 | D        | Found an ancient bone altar of Kikubaaqudgha.
    47 | D        | Found a broken altar of Ashenzari.
    51 | D        | Became a worshipper of Gozag Ym Sagoz the Greedy
    90 | D        | Reached skill level 3 in Axes
    90 | D        | Reached XP level 2. HP: 28/28 MP: 1/1
   207 | D        | Reached skill level 5 in Fighting
   207 | D        | Reached skill level 5 in Armour
   207 | D        | Reached skill level 5 in Shields
   257 | D        | Reached skill level 4 in Axes
   257 | D        | Reached XP level 3. HP: 19/37 MP: 2/2
   445 | D        | Reached XP level 4. HP: 44/44 MP: 3/3
   445 | D        | Noticed a centaur
   451 | D        | Reached skill level 5 in Axes
   451 | D        | Reached skill level 1 in Dodging
   456 | D        | Reached XP level 5. HP: 51/52 MP: 4/4
   457 | D        | Reached skill level 6 in Axes
   464 | D        | Killed a centaur
   465 | D        | Reached skill level 7 in Axes
   470 | D        | Reached skill level 8 in Axes
   470 | D        | Reached XP level 6. HP: 50/62 MP: 5/5
   483 | D        | Reached skill level 9 in Axes
   664 | D        | Noticed a warg
   670 | D        | Killed a warg
   671 | D        | Reached skill level 10 in Axes
   671 | D        | Reached XP level 7. HP: 44/70 MP: 6/6
   801 | D        | Reached skill level 10 in Armour
   825 | D        | Reached skill level 11 in Axes
   851 | D        | Noticed a black mamba
   851 | D        | Noticed a spriggan
   866 | D        | Killed a spriggan
   867 | D        | Reached skill level 10 in Fighting
   883 | D        | Killed a black mamba
   884 | D        | Reached skill level 12 in Axes
   884 | D        | Reached skill level 10 in Shields
   884 | D        | Reached XP level 8. HP: 40/81 MP: 7/7
  1205 | D        | Noticed a gargoyle
  1205 | D        | Noticed a molten gargoyle
  1212 | D        | Killed a molten gargoyle
  1213 | D        | Reached skill level 13 in Axes
  1213 | D        | Reached skill level 1 in Stealth
  1214 | D        | Killed from afar by a gargoyle

Illustrated notes

Levels and vault maps discovered:
D:        pitsprint [storerooms_1, entrance_room_1, metal_vault_4, armoury_2,
          mini_pit_1, grid_room_1, main_hall_1, silver_pit, the_coven_1,
          the_vestibule_1, steel_vault_3, golden_pit, hallway_of_sentries,
          crystal_vault_4, iron_vault_5, final_vault]

Skill      XL: |  1  2  3  4  5  6  7  8 |
---------------+-------------------------+-----
Fighting       | 4 5 6 7 8 9 10 11 | 11.3
Armour         | 4 6 7 8 9 11 | 11.9
Shields        | 4 5 6 8 9 10 | 10.5
Axes           | 3 4 5 8 10 12 13 | 13.1
Dodging        | 1 2 3 |  3.8
Stealth        | 1 |  1.0

Action                   |  1- 3 |  4- 6 |  7- 9 || total
-------------------------+-------+-------+-------++-------
Melee: Hand axe          |    30 |    43 |    56 ||   129
       Headbutt          |     2 |     8 |     2 ||    12
       War axe           |     1 |       |     5 ||     6
  Use: Potion            |       |     2 |     2 ||     4
 Stab: Distracted        |       |       |     1 ||     1
Armor: Scale mail        |    32 |       |       ||    32
       Chain mail        |     1 |    25 |    22 ||    48
       Ring mail         |       |       |     3 ||     3
Dodge: Dodged            |    28 |    24 |    16 ||    68
Block: Buckler           |    12 |    12 |     8 ||    32

Table legend: (Time is in decaauts)
 A = Elapsed time spent in this place.
 B = Non-inter-level travel time spent in this place.
 C = Inter-level travel time spent in this place.
 D = Time resting spent in this place.
 E = Time spent auto-exploring this place.
 F = Levels seen in this place.
 G = Mean time per level.
                   A        B        C        D        E       F      G
               +--------+--------+--------+--------+--------+-----+--------+
         Total |   1203 |   1203 |      0 |    668 |    116 |   1 | 1203.0 |
       Dungeon |   1203 |   1203 |      0 |    668 |    116 |   1 | 1203.0 |
               +--------+--------+--------+--------+--------+-----+--------+

Top non-repeatable levels by time:
       D: 1203 daAuts
